 Dungeon Crawl Stone Soup version 0.31-a0-664-g902f515a81 (webtiles) character file.

Game seed: 8226958467842168542

9055 demibob the Spear-Bearer (level 11, -3/75 HPs)
             Began as a Demonspawn Chaos Knight on Sept 3, 2023.
             Was a Plaything of Xom.
             Killed from afar by Lodul (28 damage)
             ... with a bolt of lightning
             ... on level 11 of the Dungeon.
             The game lasted 00:19:16 (11141 turns).

demibob the Spear-Bearer (Demonspawn Chaos Knight) Turns: 11141, Time: 00:19:18

Health: -3/75      AC: 18    Str: 21    XL:     11   Next: 18%
Magic:  12/12      EV:  7    Int: 13    God:    Xom [.*....]
Gold:   433        SH:  4    Dex:  9    Spells: 10/10 levels left

rFire   . . .        a - +4 bardiche (pain)
rCold   + + .        (shield currently unavailable)
rNeg    . . .        j - +9 plate armour of the Eternal Fruit {rC++ Dex-2}
rPois   +            (helmet restricted)
rElec   .            (no cloak)
rCorr   .            (no gloves)
SInv    .            (no boots)
Will    +....        (no amulet) Stlth
                     (no ring)
HPRegen 1.32/turn    (no ring)
MPRegen 0.13/turn

%: no passive effects
@: silenced, enlightened, flying
A: antennae 2, powered by death 1, weakness stinger 1, demonic touch 1, large
bone plates 1, deformed body, high MP 1, poison resistance, strong 1, MP-powered
wands
a: Renounce Religion


You were on level 11 of the Dungeon.
You worshipped Xom.
You were a plaything of Xom.
You visited 1 branch of the dungeon, and saw 11 of its levels.

You collected 433 gold pieces.


Innate Abilities, Weirdness & Mutations

You have a pair of antennae on your head.
You regenerate a little health from kills.
You have a small tail.
Your touch may inflict minor irresistible damage on your foes.
You are partially covered in large bone plates. (SH +4)
Armour fits poorly on your strangely shaped body.
You have an increased reservoir of magic. (+10% MP)
Your system is resistant to poisons. (rPois)
Your muscles are strong. (Str +4, Int/Dex -1)
You expend magic power (3 MP) to strengthen your wands.


   Skills:
 - Level 3.0 Fighting
 + Level 12.6 Polearms
 - Level 10.0 Armour
 - Level 0.8 Dodging
 + Level 7.4 Necromancy


You had 10 spell levels left.
You didn't know any spells.
Your spell library contained the following spells:

 Spells                   Type           Power      Damage    Failure   Level
 Animate Dead             Necr           19%        N/A       91%         4
 Sandblast                Erth           0%         2d4       99%         1
 Passwall                 Tmut/Erth      0%         N/A       100%        2
 Frozen Ramparts          Ice            0%         1d1       100%        3
 Gell's Gravitas          Tloc           0%         N/A       100%        3
 Hailstorm                Conj/Ice       0%         3d3       100%        3
 Portal Projectile        Hex/Tloc       0%         N/A       100%        3
 Stone Arrow              Conj/Erth      0%         3d7       100%        3
 Teleport Other           Tloc           0%         N/A       100%        3
 Tukima's Dance           Hex            0%         N/A       100%        3
 Cause Fear               Hex            0%         N/A       100%        4
 Iskenderun's Mystic Bla  Conj/Tloc      0%         2d3       100%        4
 Petrify                  Tmut/Erth      0%         N/A       100%        4
 Summon Ice Beast         Ice/Summ       0%         N/A       100%        4
 Borgnjor's Vile Clutch   Necr/Erth      4%         N/A       100%        5
 Fireball                 Conj/Fire      0%         3d3       100%        5
 Metabolic Englaciation   Hex/Ice        0%         N/A       100%        5
 Summon Mana Viper        Hex/Summ       0%         N/A       100%        5
 Death Channel            Necr           9%         N/A       100%        6
 Dispersal                Tloc           0%         N/A       100%        6
 Simulacrum               Ice/Necr       4%         N/A       100%        6
 Monstrous Menagerie      Summ           0%         N/A       100%        7
 Dragon's Call            Summ           0%         N/A       100%        9

Inventory:

Hand Weapons
 a - a +4 bardiche of pain (weapon)
 g - a +1 spear of chaos
Missiles
 f - a curare-tipped dart {=f}
 o - 3 throwing nets {=f}
Armour
 d - a +0 pair of gloves
 j - the +9 plate armour of the Eternal Fruit (worn) {rC++ Dex-2}
   (You acquired it on level 2 of the Dungeon)

   Dex-2:     It affects your dexterity (-2).
   rC++:      It greatly protects you from cold.
Magical Staves
 l - a staff of earth {!a}
 n - a staff of conjuration {!a}
Jewellery
 C - a ring of ice
 Z - a ring of wizardry
Wands
 b - a wand of flame (41)
Scrolls
 c - a scroll of identify {@r1}
 e - a scroll of vulnerability {unknown}
 h - 3 scrolls of amnesia
Potions
 i - 2 potions of brilliance
 k - 2 potions of lignification
 p - 2 potions of enlightenment

Dungeon Overview and Level Annotations

Branches:
Dungeon (11/15)            Temple (0/1) D:7             Orc (0/2) D:9
   Lair: D:8-11

Altars:
Cheibriados
Gozag
Makhleb
Okawaru
Vehumet

Shops:
D:4 ?   D:9 [   D:10 [

Annotations:
D:3 1 runed translucent door, Crazy Yiuf
D:11 Lodul

..# #..# #.# #..# .##
#.# #..# ....# #.#
#..#####.#
...O..###O####.<.....(#
#...)O.....######.#
#####)###### #o# #@#
#.# #.# ..# ####


You could see Lodul (unsilenced), an ogre (wandering) and an orc.


Message History

* * * LOW HITPOINT WARNING * * *
Okay, then.
As you read the scroll of silence {!r}, it crumbles to dust.
A profound silence engulfs you.
You slash the ogre!
The ogre writhes in agony.
You tail-slap the ogre.
The ogre is almost dead.
You block the ogre's attack.
You slash the ogre!
You kill the ogre!
You hit the ogre.
The ogre writhes in agony.
The ogre is heavily wounded.
The ogre barely misses you.
Electricity crackles from Lodul's apparatus.
The bolt of lightning hits you!
* * * LOW HITPOINT WARNING * * *
You barely miss the ogre.
The ogre is heavily wounded.
The ogre closely misses you.
You slash the ogre!
The ogre writhes in agony.
You kill the ogre!
You slash the ogre!
The ogre writhes in agony.
The ogre is heavily wounded.
The ogre barely misses you.
You slice the ogre!!
You kill the ogre!
An ogre comes into view. It is wielding a +0 giant club.
Electricity crackles from Lodul's apparatus.
The bolt of lightning hits you!!
You die...
Xom roars with laughter!

Skill      XL: |  1  2  3  4  5  6  7  8  9 10 11 |
---------------+----------------------------------+-----
Polearms       | 3 4 5 9 10 11 12 | 12.6
Armour         | 2 8 9 10 | 10.0
Necromancy     | 2 6 7 |  7.4
Fighting       | |  3.0
Dodging        | |  0.8

Action                     |  1- 3 |  4- 6 |  7- 9 | 10-12 || total
---------------------------+-------+-------+-------+-------++-------
  Melee: Spear             |   119 |   184 |   532 |   154 ||   989
         Punch             |     3 |       |     9 |     1 ||    13
         Tailslap          |       |    19 |    55 |    20 ||    94
         Kick              |       |       |   116 |    53 ||   169
         Bardiche          |       |       |       |   217 ||   217
         Touch             |       |       |       |    12 ||    12
  Evoke: Wand              |       |       |     7 |     2 ||     9
    Use: Scroll            |     1 |     9 |     8 |     3 ||    21
         Potion            |       |     3 |     3 |    10 ||    16
   Stab: Invisible         |     5 |       |       |       ||     5
         Sleeping          |       |     2 |       |       ||     2
         Confused          |       |     1 |     1 |       ||     2
         Paralysed         |       |       |     3 |       ||     3
 Armour: Leather armour    |    64 |    22 |       |       ||    86
         Plate armour      |       |    68 |   249 |   342 ||   659
  Dodge: Dodged            |    69 |    48 |    57 |    93 ||   267
  Block: Other             |       |       |    41 |    67 ||   108

Levels and vault maps discovered:
D:1:      psy_arrival_statuary, layout_rooms
D:2:      layout_basic, uniq_robin
D:3:      layout_basic, minmay_misc_feat_tiny, corexii_leaking_fountain,
          uniq_jessica, uniq_crazy_yiuf_cottage
D:4:      layout_basic, serial_co_window_serial, co_window_of_opportunity_a,
          co_window_paths_b, co_window_paths_a, co_window_corner_a,
          co_window_paths_a, co_window_corner_ca, co_window_broadway_b,
          co_window_of_opportunity_b, co_window_broadway_a, co_window_paths_c,
          glass_columns_c, glass_columns_a, serial_shops, shop,
          hangedman_decor_riveting, uniq_grinder
D:5:      layout_basic, amethyst_overflow_temple_binary, kennysheep_dice,
          uniq_sigmund
D:6:      layout_cave_pools, grunt_tough_drop, uniq_maggie, uniq_blork_the_orc
D:7:      layout_loops_ring, nicolae_gozag_seed_capital, lemuel_doored_altar,
          minmay_temple_entry_fiery, uniq_prince_ribbit1
D:8:      layout_loops_ring
D:9:      kennysheep_kobold_camp, layout_layer_cave, slow_altar_2,
          mainiacjoe_overflow_cross_hatched,
          kennysheep_orc_monster_closet_entryway, serial_shops, shop
D:10:     layout_stronghold, nicolae_stop_n_shop_1, grunt_ogre_cave, uniq_fannar
D:11:     layout_loops_ring, grunt_lair_entry_orc_guard_hut, enter_trove_5,
          uniq_lodul

Notes
Turn   | Place    | Note
-------+----------+-------------------------------------------
     0 | D:1      | demibob the Demonspawn Chaos Knight began the quest for the
                  | Orb.
     0 | D:1      | Reached XP level 1. HP: 18/18 MP: 1/1
    88 | D:1      | Reached skill level 3 in Polearms
    88 | D:1      | You feel monstrous as your demonic heritage exerts itself.
    88 | D:1      | Discovered your monstrous ancestry.
    88 | D:1      | Gained mutation: You have a pair of small antennae on your
                  | head. [demonic ancestry]
    88 | D:1      | Reached XP level 2. HP: 24/24 MP: 2/2
   123 | D:1      | XOM: silly message
   294 | D:1      | XOM: potion effect (invisibility)
   307 | D:1      | Reached XP level 3. HP: 27/29 MP: 3/3
   325 | D:1      | Reached skill level 4 in Polearms
   678 | D:2      | XOM: potion effect (might)
   681 | D:2      | Noticed Robin
   690 | D:2      | XOM: silly message
   692 | D:2      | Killed Robin
   695 | D:2      | Gained mutation: You have a small tail. [demonic ancestry]
   695 | D:2      | Reached XP level 4. HP: 24/35 MP: 4/4
  1082 | D:2      | Reached skill level 5 in Polearms
  1378 | D:2      | Identified 2 scrolls of acquirement
  1378 | D:2      | Acquired a ring of wizardry
  1380 | D:2      | Acquired the +9 plate armour of the Eternal Fruit {rC++
                  | Dex-2}
  1411 | D:3      | Reached skill level 2 in Armour
  1411 | D:3      | Reached XP level 5. HP: 41/41 MP: 5/5
  1509 | D:3      | XOM: potion effect (heal wounds)
  1653 | D:3      | Noticed Jessica
  1655 | D:3      | XOM: potion effect (experience)
  1655 | D:3      | Reached skill level 9 in Polearms
  1655 | D:3      | Reached skill level 8 in Armour
  1655 | D:3      | Gained mutation: You regenerate a little health from kills.
                  | [demonic ancestry]
  1655 | D:3      | Reached XP level 6. HP: 47/47 MP: 6/6
  1660 | D:3      | Killed Jessica
  1740 | D:3      | XOM: divination: detect items
  1752 | D:3      | XOM: polymorph hobgoblin -> ball python
  1972 | D:3      | XOM: polymorph orc -> quokka
  2096 | D:3      | Found a runed translucent door.
  2097 | D:3      | Noticed Crazy Yiuf
  2227 | D:3      | XOM: polymorph giant cockroach -> orc
  2575 | D:4      | Noticed Grinder
  2578 | D:4      | XOM: summons friendly iron imp
  2583 | D:4      | Killed Grinder
  2584 | D:4      | Reached XP level 7. HP: 52/52 MP: 7/7
  2861 | D:4      | HP: 5/50 [wight/+3 battleaxe of freezing (9)]
  2898 | D:4      | XOM: divination: magic mapping
  3051 | D:4      | XOM: give mutation
  3051 | D:4      | Gained mutation: You have sharp toenails. [Xom's grace]
  3073 | D:4      | XOM: give mutations
  3073 | D:4      | Gained mutation: You are partially covered in large bone
                  | plates. (SH +4) [Xom's grace]
  3073 | D:4      | Gained mutation: Your flesh is heat resistant. (rF+) [Xom's
                  | grace]
  3073 | D:4      | Gained mutation: You are somewhat resistant to further
                  | mutation. [Xom's grace]
  3073 | D:4      | Gained mutation: You expend magic power (3 MP) to
                  | strengthen your wands. [Xom's grace]
  3083 | D:4      | Found Goeh's Magic Scroll Shop.
  3495 | D:5      | Entered Level 5 of the Dungeon
  3549 | D:5      | a jelly changed into a shapeshifter
  3549 | D:5      | Noticed a shapeshifter (shapeshifter)
  3549 | D:5      | a shapeshifter changed into something unseen
  3556 | D:5      | Noticed a yaktaur
  3559 | D:5      | Killed a yaktaur
  3560 | D:5      | Reached skill level 10 in Polearms
  3560 | D:5      | Reached XP level 8. HP: 58/58 MP: 8/8
  3753 | D:5      | XOM: polymorph adder -> frilled lizard
  3935 | D:5      | XOM: 2-stop teleportation journey
  3960 | D:5      | XOM: scenery: 2 doors open, 2 doors close
  3966 | D:5      | Reached skill level 9 in Armour
  4014 | D:5      | XOM: 8-stop teleportation journey
  4150 | D:5      | Noticed Sigmund
  4162 | D:5      | Killed Sigmund
  4258 | D:5      | Found an iron altar of Okawaru.
  4597 | D:6      | XOM: blink monster(s)
  4602 | D:6      | XOM: chaos upgrade
  4654 | D:6      | Noticed Blork the orc
  4681 | D:6      | Killed Blork the orc
  4703 | D:6      | XOM: 1-stop teleportation journey
  4730 | D:6      | Noticed Maggie
  4762 | D:6      | Killed Maggie
  4763 | D:6      | Reached XP level 9. HP: 33/63 MP: 2/9
  4897 | D:6      | XOM: confuse monster(s)
  4907 | D:6      | XOM: swap monsters
  4995 | D:5      | XOM: noise
  5051 | D:6      | XOM: enchant monster (good)
  5060 | D:6      | XOM: divination: detect creatures
  5108 | D:6      | XOM: enchant monster (bad)
  5119 | D:6      | XOM: enchant monster (bad)
  5131 | D:6      | XOM: cloud trail
  5395 | D:6      | XOM: noise
  5602 | D:7      | Noticed Prince Ribbit
  5613 | D:7      | XOM: potion effect (brilliance)
  5625 | D:7      | Killed Prince Ribbit
  5626 | D:7      | Reached skill level 11 in Polearms
  5633 | D:7      | Found an opulent altar of Gozag.
  5794 | D:7      | Found a burning altar of Makhleb.
  5963 | D:7      | Found a staircase to the Ecumenical Temple.
  6038 | D:7      | Reached skill level 10 in Armour
  6189 | D:7      | XOM: divination: detect creatures
  6256 | D:8      | Acquired a +3 bardiche of pain
  6334 | D:8      | Reached skill level 1 in Necromancy
  6400 | D:8      | XOM: silly message
  6836 | D:8      | Reached skill level 2 in Necromancy
  7248 | D:8      | XOM: silly message
  7350 | D:9      | Gained mutation: Your touch may inflict minor irresistible
                  | damage on your foes. [demonic ancestry]
  7350 | D:9      | Reached XP level 10. HP: 64/70 MP: 10/10
  7362 | D:9      | Found Kikenepp's Antique Armour Shop.
  7514 | D:9      | Reached skill level 3 in Necromancy
  7657 | D:9      | HP: 4/70 [killer bee (4)]
  7944 | D:9      | Reached skill level 4 in Necromancy
  7951 | D:9      | XOM: potion effect (brilliance)
  7961 | D:9      | XOM: potion effect (heal wounds)
  7969 | D:9      | XOM: potion effect (might)
  7982 | D:9      | XOM: silly message
  8080 | D:9      | XOM: divination: detect items
  8355 | D:9      | Found a radiant altar of Vehumet.
  8452 | D:9      | XOM: silly message
  8480 | D:9      | Found a snail-covered altar of Cheibriados.
  8571 | D:9      | Found a staircase to the Orcish Mines.
  8590 | D:9      | Reached skill level 5 in Necromancy
  8595 | D:9      | XOM: silly message
  8601 | D:8      | HP: 7/70 [poisoned by a kobold brigand]
  8604 | D:8      | HP: 3/70 [poisoned by a kobold brigand]
  8889 | D:10     | Entered Level 10 of the Dungeon
  8889 | D:10     | Found Samet's Antique Armour Shoppe.
  8999 | D:10     | Noticed Fannar
  8999 | D:10     | XOM: 1-stop teleportation journey
  9420 | D:10     | Noticed a gargoyle
  9420 | D:10     | XOM: 1-stop teleportation journey
  9423 | D:10     | XOM: divination: detect items
  9424 | D:10     | Killed a gargoyle
  9425 | D:10     | Reached skill level 12 in Polearms
  9567 | D:10     | XOM: polymorph ice beast -> golden eye
  9575 | D:10     | XOM: potion effect (berserk rage)
  9583 | D:10     | Killed Fannar
  9584 | D:10     | Reached skill level 6 in Necromancy
  9820 | D:10     | XOM: polymorph something unseen -> swamp drake
 10124 | D:10     | Gained mutation: You have a pair of antennae on your head.
                  | [demonic ancestry]
 10124 | D:10     | Reached XP level 11. HP: 72/75 MP: 11/11
 10474 | D:9      | XOM: give mutations
 10474 | D:9      | Gained mutation: Armour fits poorly on your strangely
                  | shaped body. [Xom's mischief]
 10474 | D:9      | Gained mutation: You passively map a small area around you.
                  | [Xom's mischief]
 10475 | D:9      | Lost mutation: You expend magic power (3 MP) to strengthen
                  | your wands. [potion of mutation]
 10475 | D:9      | Lost mutation: You have sharp toenails. [potion of
                  | mutation]
 10475 | D:9      | Lost mutation: Your flesh is heat resistant. (rF+) [potion
                  | of mutation]
 10475 | D:9      | Gained mutation: You expend magic power (3 MP) to
                  | strengthen your wands. [potion of mutation]
 10476 | D:9      | Lost mutation: Armour fits poorly on your strangely shaped
                  | body. [potion of mutation]
 10476 | D:9      | Lost mutation: You passively map a small area around you.
                  | [potion of mutation]
 10613 | D:9      | Reached skill level 7 in Necromancy
 10623 | D:9      | XOM: divination: detect items
 10928 | D:9      | XOM: give mutations
 10928 | D:9      | Gained mutation: You have an increased reservoir of magic.
                  | (+10% MP) [Xom's grace]
 10928 | D:9      | Gained mutation: Your system is resistant to poisons.
                  | (rPois) [Xom's grace]
 10928 | D:9      | Gained mutation: Your muscles are strong. (Str +4, Int/Dex
                  | -1) [Xom's grace]
 10980 | D:7      | XOM: cloud trail
 11092 | D:11     | XOM: give mutations
 11092 | D:11     | Gained mutation: Armour fits poorly on your strangely
                  | shaped body. [Xom's mischief]
 11092 | D:11     | Lost mutation: You are somewhat resistant to further
                  | mutation. [Xom's mischief]
 11125 | D:11     | Noticed Lodul
 11129 | D:11     | XOM: silly message
 11141 | D:11     | Killed from afar by Lodul

Vanquished Creatures
  Fannar (D:10)
  Maggie (D:6)
  A gargoyle (D:10)
  A yaktaur (shapeshifter) (D:5)
  A troll (D:9)
  Prince Ribbit (D:7)
  Grinder (D:4)
  Sigmund (D:5)
  A shadow (D:9)
  A wyvern (D:9)
  5 yaks (D:10)
  A wraith (D:9)
  6 vampire mosquitoes
  An acid dragon (D:8)
  3 water moccasins
  A swamp drake (D:10)
  An ice beast (D:5)
  7 orc warriors
  8 ogres
  3 centaurs
  6 kobold brigands
  A phantom (D:6)
  Blork the orc (D:6)
  A bullfrog (D:9)
  3 gnoll sergeants
  4 scorpions
  4 wights (D:4)
  6 killer bees (D:9)
  A howler monkey (D:8)
  4 hounds
  A cerulean imp (D:6)
  2 jellies (D:6)
  4 orc priests
  A gnoll bouda (D:6)
  Jessica (D:3)
  4 iguanas
  8 orc wizards
  2 sleepcaps
  Robin (D:2)
  4 adders
  12 gnolls
  A shadow imp (D:6)
  4 worms
  A dart slug (D:3)
  51 orcs
  2 bats (D:1)
  11 endoplasms
  14 goblins
  8 hobgoblins
  11 jackals
  5 quokkas
  7 ball pythons
  2 frilled lizards
  32 kobolds
  8 rats
274 creatures vanquished.

Vanquished Creatures (others)
  A wight (D:6)
1 creature vanquished.

Grand Total: 275 creatures vanquished

Table legend: (Time is in decaauts)
 A = Elapsed time spent in this place.
 B = Non-inter-level travel time spent in this place.
 C = Inter-level travel time spent in this place.
 D = Time resting spent in this place.
 E = Time spent auto-exploring this place.
 F = Levels seen in this place.
 G = Mean time per level.
                   A        B        C        D        E       F      G
               +--------+--------+--------+--------+--------+-----+--------+
         Total |  10879 |  10309 |    570 |    983 |   7593 |  11 |  989.0 |
       Dungeon |  10879 |  10309 |    570 |    983 |   7593 |  11 |  989.0 |
               +--------+--------+--------+--------+--------+-----+--------+

Top non-repeatable levels by time:
     D:9: 1926 daAuts
    D:10: 1475 daAuts
     D:5: 1110 daAuts
     D:3: 1079 daAuts
     D:8: 1069 daAuts
     D:7: 1046 daAuts
     D:4: 953 daAuts
     D:2: 935 daAuts
     D:6: 757 daAuts
     D:1: 451 daAuts
    D:11: 72 daAuts

Table legend:
 A = Non-vault XP
 B = Vault XP
 C = Vault XP percentage of total XP
 D = Non-vault monster count
 E = Vault monster count
 F = Vault count percentage of total count
                 A         B        C        D         E       F
            +---------+---------+-------+---------+---------+-------
      Total |    7829 |    4980 |  38.9 |     201 |      74 |  26.9
            +---------+---------+-------+---------+---------+-------
        D:1 |      56 |       0 |   0.0 |      26 |       0 |   0.0
        D:2 |      71 |      34 |  32.4 |      24 |      12 |  33.3
        D:3 |     175 |      37 |  17.5 |      25 |       1 |   3.8
        D:4 |     317 |     258 |  44.9 |      13 |       1 |   7.1
        D:5 |     752 |     387 |  34.0 |      16 |       3 |  15.8
        D:6 |     935 |     765 |  45.0 |      28 |       7 |  20.0
        D:7 |     205 |     286 |  58.2 |       6 |       1 |  14.3
        D:8 |     856 |       0 |   0.0 |      14 |       0 |   0.0
        D:9 |    1979 |    1580 |  44.4 |      17 |      42 |  71.2
       D:10 |    2439 |    1033 |  29.8 |      28 |       2 |   6.7
       D:11 |      44 |     600 |  93.2 |       4 |       5 |  55.6
            +---------+---------+-------+---------+---------+-------
